 Dungeon Crawl Stone Soup version 0.20-a0-551-gc8f91ca (webtiles) character file.

62 M4edhros the Poker (level 4, -4/28 HPs)
             Began as a Kobold Chaos Knight on Feb 3, 2017.
             Slain by a hornet (6 damage)
             ... while paralysed by a hornet
             ... on level 1 of the Dungeon.
             The game lasted 00:02:12 (5898 turns).

M4edhros the Poker (Kobold Chaos Knight)            Turns: 5898, Time: 00:02:13

Health: -4/28      AC:  5    Str:  7    XL:     4   Next: 28%
Magic:  4/4        EV:  3    Int: 13    God:    Xom [.*....]
Gold:   1265       SH:  0    Dex: 15    Spells: 3/3 levels left

rFire    . . .     SeeInvis .   a - +0 spear (chaos)
rCold    . . .     Gourm    .   b - +2 leather armour
rNeg     . . .     Faith    .   (shield restricted)
rPois    .         Spirit   .   (no helmet)
rElec    .         Reflect  .   (no cloak)
rCorr    .         Harm     .   (no gloves)
MR       .....                  (no boots)
Stlth    +.........             (no amulet)
Regen    0.1/turn               (no ring)
                                f - ring of flight

@: paralysed, lethally poisoned (-4 -> -9), slowed
A: talons 1, slimy green scales 1, carnivore 3, deformed body, deterioration 1,
weak 1
a: Renounce Religion, Evoke Flight


You were on level 1 of the Dungeon.
You worshipped Xom.
You were a plaything of Xom.
You were not hungry.

You visited 1 branch of the dungeon, and saw 1 of its levels.

You collected 1265 gold pieces.

Inventory:

Hand Weapons
 a - a +0 spear of chaos (weapon)
Missiles
 d - 91 stones (quivered)
Armour
 b - a +2 leather armour (worn)
Jewellery
 f - a ring of flight (left hand)
Comestibles
 c - a meat ration


   Skills:
 - Level 3.2 Fighting
 * Level 4.0 Polearms
 - Level 0.7 Armour
 - Level 2.4 Dodging


You had 3 spell levels left.
You didn't know any spells.

Dungeon Overview and Level Annotations

Branches:
Dungeon (1/15)

Altars:


Innate Abilities, Weirdness & Mutations

You are small and have problems with some larger weapons.
You are carnivorous and can eat meat at any time.
You have sharp toenails.
You are partially covered in slimy green scales. (AC +2)
Armour fits poorly on your strangely shaped body.
Your body sometimes deteriorates upon taking damage.
You are weak. (Str -2)


Message History

A goblin comes into view. It is wielding a dagger.
You aren't carrying any potions.
You aren't carrying any spellbooks or scrolls.
You closely miss the hornet.
You feel yourself speed up.
You feel sick.
The goblin shouts!
The hornet closely misses you. x2
You closely miss the hornet. Your kick misses the hornet.
You feel sick. The hornet stings you.
You suddenly lose the ability to move!
An orc priest comes into view. It is wielding a short sword.
The hornet stings you!
You feel yourself slow down.
The orc priest moves out of view.
The hornet stings you but does no damage.
You feel sick. The hornet stings you!
* * * LOW HITPOINT WARNING * * *
You feel as though you will be slow longer.
The hornet stings you.
You die...
Xom roars with laughter!

#.##..)..(#
#..........# #.....(#
#..........# #......#
#..........#
#......###..........#
#...................#
#.............#######
..##.............#
####
........##########
.... ..#.###@# ....
.... #y# .... ..# #g#
.... ## #.# .... #.#
.... #.. .... #..
.... #.. .... ....


You could see a hornet and a goblin.

Vanquished Creatures
  A gnoll (D:1)
  2 oozes (D:1)
  A dart slug (D:1)
  A leopard gecko (D:1)
  A giant cockroach (D:1)
  5 goblins (D:1)
  8 hobgoblins (D:1)
  8 kobolds (D:1)
  5 bats (D:1)
  3 frilled lizards (D:1)
  5 rats (D:1)
40 creatures vanquished.

Notes
Turn   | Place    | Note
-------+----------+-------------------------------------------
     0 | D:1      | M4edhros the Kobold Chaos Knight began the quest for the Orb.
     0 | D:1      | Reached XP level 1. HP: 14/14 MP: 1/1
   183 | D:1      | XOM: harmless Ice miscast
   531 | D:1      | XOM: divination: magic mapping
  1107 | D:1      | XOM: silly message
  1241 | D:1      | XOM: harmless Pois miscast
  1278 | D:1      | Reached XP level 2. HP: 16/19 MP: 2/2
  1298 | D:1      | Reached skill level 3 in Polearms
  1473 | D:1      | Reached XP level 3. HP: 20/23 MP: 3/3
  1676 | D:1      | XOM: silly message
  1944 | D:1      | XOM: mild Tloc miscast
  2100 | D:1      | XOM: harmless Tmut miscast
  2186 | D:1      | XOM: divination: detect items
  2386 | D:1      | XOM: harmless Summ miscast
  2751 | D:1      | XOM: silly message
  2779 | D:1      | XOM: medium Summ miscast
  2780 | D:1      | Noticed a spatial vortex
  2780 | D:1      | Noticed a spatial vortex
  2797 | D:1      | XOM: mild Erth miscast
  3030 | D:1      | XOM: silly message
  3161 | D:1      | XOM: god gift: 22 stones
  3481 | D:1      | XOM is BORED!
  3481 | D:1      | XOM: mild Conj miscast
  3700 | D:1      | XOM: god gift: 1210 gold pieces
  4020 | D:1      | XOM: silly message
  4205 | D:1      | XOM: divination: detect items
  4382 | D:1      | Reached XP level 4. HP: 28/28 MP: 4/4
  5122 | D:1      | XOM: give mutations
  5122 | D:1      | Gained mutation: Armour fits poorly on your strangely shaped body. [Xom's mischief]
  5122 | D:1      | Gained mutation: You are weak. (Str -2) [Xom's mischief]
  5122 | D:1      | Gained mutation: Your body sometimes deteriorates upon taking damage. [Xom's mischief]
  5725 | D:1      | XOM: god gift: 19 stones
  5884 | D:1      | Reached skill level 4 in Polearms
  5890 | D:1      | Noticed a hornet
  5892 | D:1      | Gained mutation: You are partially covered in slimy green scales. (AC +2) [potion of mutation]
  5892 | D:1      | Gained mutation: You have sharp toenails. [potion of mutation]
  5895 | D:1      | Paralysed by a hornet for 3 turns
  5898 | D:1      | Slain by a hornet

Vault maps used:
D:1:      erik_arrival_gehennom

Skill      XL: |  1  2  3  4 |
---------------+-------------+-----
Polearms       | 3 4 |  4.0
Fighting       | |  3.2
Armour         | |  0.7
Dodging        | |  2.4

Action                   |  1- 3 |  4- 6 || total
-------------------------+-------+-------++-------
Melee: Spear             |    89 |    34 ||   123
  Use: Potion            |       |     1 ||     1
 Stab: Sleeping          |       |     1 ||     1
  Eat: Chunk             |    11 |     8 ||    19
Armor: Leather armour    |    17 |     9 ||    26
Dodge: Dodged            |    46 |    13 ||    59
